 Dungeon Crawl Stone Soup version 0.27-a0-1312-g5cdb2b3542 (webtiles) character file.

Game seed: 13679295225052262098

560 HoaS the Ruffian (level 6, -1/48 HPs)
             Began as a Demigod Gladiator on June 20, 2021.
             Slain by an ogre (18 damage)
             ... on level 4 of the Dungeon.
             The game lasted 00:08:42 (3605 turns).

HoaS the Ruffian (Demigod Gladiator)                Turns: 3605, Time: 00:08:43

Health: -1/48      AC:  7    Str: 27    XL:     6   Next: 82%
Magic:  8/8        EV: 11    Int: 10    God:
Gold:   231        SH:  0    Dex: 15    Spells: 5/5 levels left

rFire    . . .     SeeInvis .     - Unarmed
rCold    + + .     Faith    .   (no shield)
rNeg     . . .     Spirit   .   k - +0 scale mail
rPois    +         Reflect  .   b - +0 helmet
rElec    .         Harm     .   (no cloak)
rCorr    +         Rampage  .   (no gloves)
Will     +....                  (no boots)
Stlth    ..........             f - amulet "Waecum" {rC++ Will+ Regen+ rCorr Str+4}
HPRegen  1.16/turn              a - ring of poison resistance
MPRegen  0.11/turn              (no ring)

@: no status effects
A: high mp 1, forlorn
a: no special abilities


You were on level 4 of the Dungeon.
You visited 1 branch of the dungeon, and saw 4 of its levels.

You collected 231 gold pieces.

Inventory:

Missiles
 c - 2 throwing nets (quivered)
Armour
 b - a +0 helmet (worn)
 k - a +0 scale mail (worn)
Jewellery
 a - a ring of poison resistance (left hand)
 f - the amulet "Waecum" (around neck) {rC++ Will+ Regen+ rCorr Str+4}
   (You acquired it on level 2 of the Dungeon)

   [amulet of regeneration]

   It affects your strength (+4).
   It greatly protects you from cold.
   It increases your rate of health regeneration.
   It protects you from acid and corrosion.
   It increases your willpower.
Wands
 j - a wand of flame (12)
Scrolls
 i - 2 scrolls of teleportation
 l - a scroll of enchant weapon {unknown}
Potions
 e - a potion of attraction
 g - a potion of heal wounds {unknown}
 h - a potion of magic {unknown}
 m - a potion of invisibility {unknown}
 n - 2 potions of curing {unknown}
 o - a potion of haste {unknown}


   Skills:
 - Level 1.7 Fighting
 - Level 1.7 Throwing
 - Level 2.6 Dodging
 + Level 7.5 Unarmed Combat


You had 5 spell levels left.
You didn't know any spells.
Your spell library was empty.

Dungeon Overview and Level Annotations

Branches:
Dungeon (4/15)
 Temple: D:4-7

Shops:
D:4 *


Innate Abilities, Weirdness & Mutations

Your attributes grow dramatically as you level up.
You have an increased reservoir of magic. (+10% MP)
You shall have no god before yourself.


Message History

You hit the hound but do no damage. Your punch misses the hound.
The hound closely misses you.
You punch the hound!
The hound is severely wounded.
The hound bites you.
You hit the hound but do no damage. Your punch misses the hound.
The hound is severely wounded.
The hound closely misses you. The hound bites you but does no damage.
You miss the hound.
The hound is severely wounded.
The hound bites you but does no damage.
You closely miss the hound.
The hound is severely wounded.
The hound bites you but does no damage.
You punch the hound!
You kill the hound!
You see here a hound corpse.
An ogre comes into view. It is wielding a +0 giant spiked club.
The ogre shouts!
An ogre is nearby!
Throw: 2 darts (poison)
Press: ? - help, Shift-Dir - straight line, f - ogre
Aim: an ogre, wielding a +0 giant spiked club (73% to hit)
You throw a poisoned dart. The poisoned dart hits the ogre.
Throw: dart (poison)
Press: ? - help, Shift-Dir - straight line, f/p - ogre
Aim: an ogre, wielding a +0 giant spiked club (73% to hit)
You throw a poisoned dart. The poisoned dart hits the ogre.
The ogre is poisoned.
The ogre looks more healthy.
You punch the ogre!
The ogre is heavily wounded.
The ogre hits you with a +0 giant spiked club!
You closely miss the ogre.
The ogre is heavily wounded.
The ogre hits you with a +0 giant spiked club!!
You hit the ogre.
The ogre is severely wounded.
The ogre hits you with a +0 giant spiked club!!
You die...

##.....##...............#
##......###[..)........###
###..............<).###..#
##.#......#......))...##..#
#........##.......##......#
#........##.......##.......
##.......#........#######...
##.................# ####
#...........@......### #
#...........O...##...#.#.
###............## .......
####............##.......
#..†...##.........#
#......###..###...# #...#.##
#### ###.# ####### ....
##..##


You could see an ogre.

Vanquished Creatures
  A water moccasin (D:4)
  A necrophage (D:4)
  3 wights
  A hound (D:4)
  An orc priest (D:4)
  Jessica (D:3)
  An iguana (D:3)
  3 adders
  An adder skeleton (D:4)
  4 worms
  3 dart slugs
  6 orcs
  9 bats
  5 endoplasms
  A giant cockroach (D:3)
  10 hobgoblins
  8 jackals
  5 kobolds
  2 quokkas
  7 ball pythons
  6 frilled lizards
  7 goblins
  8 rats
94 creatures vanquished.

Notes
Turn   | Place    | Note
-------+----------+-------------------------------------------
     0 | D:1      | HoaS the Demigod Gladiator began the quest for the Orb.
     0 | D:1      | Reached XP level 1. HP: 17/17 MP: 3/3
    71 | D:1      | Reached skill level 3 in Unarmed Combat
   395 | D:1      | Reached XP level 2. HP: 23/24 MP: 4/4
  1230 | D:1      | Reached XP level 3. HP: 26/29 MP: 5/5
  1510 | D:2      | Reached skill level 4 in Unarmed Combat
  1767 | D:2      | Identified a scroll of acquirement
  1767 | D:2      | Acquired the amulet "Waecum" {rC++ Will+ Regen+ rCorr
                  | Str+4}
  2238 | D:3      | Reached XP level 4. HP: 36/36 MP: 6/6
  2330 | D:3      | Reached skill level 5 in Unarmed Combat
  2342 | D:2      | Reached XP level 5. HP: 14/41 MP: 7/7
  2720 | D:3      | Noticed Jessica
  2732 | D:3      | Killed Jessica
  2733 | D:3      | Reached skill level 6 in Unarmed Combat
  3189 | D:4      | Noticed a water moccasin
  3337 | D:4      | Noticed a necrophage
  3363 | D:4      | Killed a necrophage
  3364 | D:4      | Reached XP level 6. HP: 46/48 MP: 8/8
  3454 | D:4      | Found Ydorcheucw's CLEARANCE SALE! EVERYTHING MUST GO!.
  3485 | D:4      | Killed a water moccasin
  3486 | D:4      | Reached skill level 7 in Unarmed Combat
  3605 | D:4      | Slain by an ogre

Illustrated notes

Levels and vault maps discovered:
D:1:      dpeg_arrival_solitude, layout_basic,
          hellmonk_ecumenical_altar_leap_of_faith, minmay_indecisive_spiral
D:2:      layout_loops_ring, minmay_tetromino_o4
D:3:      layout_loops_corners, minitemple, uniq_jessica
D:4:      layout_cave_pools, lemuel_crystal_altar, tgw_sif,
          nicolae_shop_clearance

Skill      XL: |  1  2  3  4  5  6 |
---------------+-------------------+-----
Unarmed Combat | 3 4 5 6 7 |  7.5
Fighting       | |  1.7
Throwing       | |  1.7
Dodging        | |  2.6

Action                   |  1- 3 |  4- 6 || total
-------------------------+-------+-------++-------
Melee: Unarmed           |   220 |   154 ||   374
       Punch             |     3 |     5 ||     8
Throw: Throwing net      |       |     3 ||     3
       Dart              |       |     2 ||     2
Evoke: Wand              |       |     5 ||     5
  Use: Scroll            |     4 |       ||     4
Armor: Ring mail         |    81 |    26 ||   107
       Scale mail        |       |    24 ||    24
Dodge: Dodged            |   123 |    74 ||   197

Table legend: (Time is in decaauts)
 A = Elapsed time spent in this place.
 B = Non-inter-level travel time spent in this place.
 C = Inter-level travel time spent in this place.
 D = Time resting spent in this place.
 E = Time spent auto-exploring this place.
 F = Levels seen in this place.
 G = Mean time per level.
                   A        B        C        D        E       F      G
               +--------+--------+--------+--------+--------+-----+--------+
         Total |   3573 |   3436 |    137 |    503 |   2201 |   4 |  893.2 |
       Dungeon |   3573 |   3436 |    137 |    503 |   2201 |   4 |  893.2 |
               +--------+--------+--------+--------+--------+-----+--------+

Top non-repeatable levels by time:
     D:1: 1431 daAuts
     D:3: 1035 daAuts
     D:2: 770 daAuts
     D:4: 335 daAuts
